 Dungeon Crawl Stone Soup version 0.32-a0-22-g6ae6769602 (webtiles) character file.

Game seed: 7021663946340994313

1545 croobank the Grave Robber (level 8, 0/40 HPs)
             Began as a Felid Necromancer on Jan 18, 2024.
             Slain by a vampire mosquito (9 damage)
             ... on level 7 of the Dungeon.
             The game lasted 00:31:45 (6651 turns).

croobank the Grave Robber (Felid Necromancer)       Turns: 6651, Time: 00:31:45

Health: 0/40       AC:  6    Str:  4    XL:     8   Next: 56%
Magic:  24/24      EV: 20    Int: 24    God:
Gold:   125        SH:  0    Dex: 16    Spells: 11/16 levels left
                                        Lives:  0   Deaths: 3

rFire   + . .        (weapon unavailable)
rCold   + . .        (shield unavailable)
rNeg    . . .        (body armour unavailable)
rPois   +            (helmet unavailable)
rElec   +            (cloak unavailable)
rCorr   +            (gloves unavailable)
SInv    +            (boots unavailable)
Will    +....        (no amulet)
Stlth   ++           d - ring "Rigid" {MP+9 Int+2}
HPRegen 0.26/turn    k - +4 ring of protection
MPRegen 0.19/turn

%: no passive effects
@: silenced, resistant, studying Fighting
A: very small, claws 1, fangs 3, see invisible, shaggy fur 2, stealthy paws, no
weapons or thrown items, no armour, multi-lived, horns 1, sense surroundings 2,
MP-powered wands
a: no special abilities


You were on level 7 of the Dungeon.
You visited 1 branch of the dungeon, and saw 7 of its levels.

You collected 358 gold pieces.
You spent 233 gold pieces at shops.

Inventory:

Jewellery
 b - a ring of positive energy
 d - the ring "Rigid" (left paw) {MP+9 Int+2}
   (You acquired it on level 6 of the Dungeon)

   [ring of magical power]

   Int+2:     It affects your intelligence (+2).
   MP+9:      It affects your magic capacity (+9).
 e - a ring of resist corrosion
 g - a ring of willpower
 k - a +4 ring of protection (right paw)
 p - a ring of protection from cold
Scrolls
 l - a scroll of fear {unknown}
 m - 2 scrolls of immolation
 n - a scroll of poison {unknown}
 o - a scroll of vulnerability {unknown}
Potions
 a - 2 potions of magic
 c - 4 potions of curing
 f - 2 potions of resistance
 i - 2 potions of enlightenment


   Skills:
 + Level 3.1 Fighting
 + Level 6.5 Dodging
 - Level 5.1 Stealth
 + Level 4.5 Spellcasting
 + Level 6.8 Necromancy
 - Level 5.0 Evocations


You had 11 spell levels left.
You knew the following spells:

 Your Spells              Type           Power      Damage    Failure   Level
a - Necrotise             Necr           100%       1d9       1%          1
A - Animate Dead          Necr           38%        N/A       5%          4

Your spell library contained the following spells:

 Spells                   Type           Power      Damage    Failure   Level
 Vampiric Draining        Necr           38%        2d8       1%          3
 Curse of Agony           Necr           38%        N/A       16%         5
 Conjure Ball Lightning   Conj/Air       2%         3x3d6     100%        6
 Discord                  Hex            2%         N/A       100%        8
 Disjunction              Tloc           2%         N/A       100%        8


Dungeon Overview and Level Annotations

Branches:
Dungeon (7/15)             Temple (0/1) D:7

Altars:
Cheibriados
Fedhas
Vehumet

Shops:
D:5 *=   D:6 :!

Annotations:
D:4 exclusion: downstairs


Innate Abilities, Weirdness & Mutations

You have sharp claws.
You have razor-sharp teeth.
You have supernaturally acute eyesight. (SInv)
You are covered in thick fur. (AC +2)
Your paws help you pounce on unaware monsters.
You are incapable of wielding weapons or throwing items.
You cannot wear armour.
You gain extra lives every three experience levels.
You have a pair of small horns on your head.
You passively map the area around you.
You expend magic power (3 MP) to strengthen your wands.


Message History

You scratch the vampire mosquito.
The vampire mosquito is lightly damaged.
The vampire mosquito bites you.
The vampire mosquito draws strength from your injuries!
The vampire mosquito completely misses you.
The water moccasin completely misses you.
Okay, then.
Okay, then.
Okay, then.
As you read the scroll labelled BAGABU HIOC, it crumbles to dust.
A profound silence engulfs you.
It was a scroll of silence.
The vampire mosquito bites you but does no damage.
The water moccasin bites you but does no damage.
The vampire mosquito bites you!
The vampire mosquito draws strength from your injuries!
You are too injured to fight recklessly!
You are too injured to fight recklessly!
You are too injured to fight recklessly!
You are too injured to fight recklessly!
You are too injured to fight recklessly!
Okay, then.
You feel extremely strange. A pair of horns grows on your head!
You feel a strange attunement to the structure of the dungeons.
You feel your magical essence link to the dungeon's wands.
Your attunement to dungeon structure grows.
The vampire mosquito misses you. The water moccasin misses you.
The vampire mosquito closely misses you.
The water moccasin misses you.
The vampire mosquito closely misses you. x2
You closely miss the vampire mosquito.
The vampire mosquito bites you but does no damage.
The water moccasin bites you. The vampire mosquito barely misses you.
The water moccasin misses you.
You miss the vampire mosquito.
You headbutt the vampire mosquito, but do no damage.
The vampire mosquito barely misses you. The water moccasin bites you!
* * * LOW HITPOINT WARNING * * *
The vampire mosquito bites you!
You die...

, #.# ,, , ###.# * , ,
.... * * *.. , ..#* **
, $...###y# ,
........# #### **
..#####.# ...#
,...#####S# # #..##
#.....Zy@#
..,#..###.########
#.###Z.##.# #.#.#y.#.#
#Z###†..#
#.#.#.#..####
#.###..#.....# ..
#...#.<.>.#########
###.###....#[........#


You could see a hornet, a water moccasin, a vampire mosquito (ally target) and a
friendly orc zombie.

Vanquished Creatures
  A black bear (D:5)
  2 sky beasts
  An ogre (D:5)
  A phantom (D:4)
  2 scorpions
  A wight (D:5)
  3 bombardier beetles
  A hound (D:7)
  2 jellies
  2 orc priests
  2 sleepcaps (D:4)
  4 orc wizards
  2 iguanas
  3 gnolls
  9 adders
  A shadow imp (D:7)
  3 white imps
  2 ufetubi (D:6)
  A dart slug (D:2)
  A ribbon worm (D:3)
  13 orcs
  7 endoplasms
  A giant cockroach (D:4)
  4 goblins
  3 hobgoblins
  3 jackals (D:3)
  5 quokkas
  5 ball pythons
  4 bats
  2 frilled lizards
  4 kobolds
  9 rats
104 creatures vanquished.

Vanquished Creatures (collateral kills)
  Edmund (D:6)
  2 gnoll boudas
  An orc wizard (D:5)
  3 gnolls
  A giant cockroach (D:1)
  A goblin (D:2)
  A hobgoblin (D:1)
  2 ball pythons
12 creatures vanquished.

Vanquished Creatures (others)
  4 wights (D:5)
  2 sky beast zombies
  A hound zombie (D:7)
  A jelly zombie (D:6)
  A gnoll zombie (D:6)
  A bombardier beetle zombie (D:6)
  10 orc zombies
20 creatures vanquished.

Grand Total: 136 creatures vanquished

Notes
Turn   | Place    | Note
-------+----------+-------------------------------------------
     0 | D:1      | croobank the Felid Necromancer began the quest for the Orb.
     0 | D:1      | Reached XP level 1. HP: 9/9 MP: 4/4
   122 | D:1      | Slain by a quokka
   122 | D:1      | Lost a life (0 lives remaining)
   179 | D:1      | Reached XP level 2. HP: 13/13 MP: 4/6
   734 | D:2      | Reached XP level 3. HP: 16/16 MP: 0/7
   979 | D:2      | Found a snail-covered altar of Cheibriados.
  1664 | D:3      | Reached XP level 4. HP: 21/21 MP: 5/8
  1664 | D:3      | Gained a life (1 life remaining)
  1669 | D:3      | Learned a level 4 spell: Animate Dead
  2038 | D:3      | Found a radiant altar of Vehumet.
  2498 | D:4      | Reached skill level 5 in Necromancy
  2561 | D:4      | Reached XP level 5. HP: 24/24 MP: 5/10
  2906 | D:4      | Gained mutation: You are covered in thick fur. (AC +2)
                  | [Felid growth]
  2906 | D:4      | Reached XP level 6. HP: 18/28 MP: 0/11
  3471 | D:4      | Reached skill level 5 in Stealth
  3888 | D:4      | Found a blossoming altar of Fedhas.
  3956 | D:5      | Entered Level 5 of the Dungeon
  3993 | D:5      | Found Tetruese's General Store.
  4017 | D:5      | Reached skill level 1 in Evocations
  4416 | D:5      | Reached XP level 7. HP: 32/32 MP: 6/13
  4416 | D:5      | Gained a life (2 lives remaining)
  4887 | D:5      | Found Cecep's Jewellery Boutique.
  4889 | D:5      | Bought a ring of positive energy for 200 gold pieces
  4908 | D:5      | Reached skill level 5 in Dodging
  4908 | D:5      | Reached skill level 5 in Evocations
  5081 | D:5      | Reached skill level 1 in Fighting
  5407 | D:6      | Found Oguozxo's Distillery.
  5410 | D:6      | Bought a potion of curing for 33 gold pieces
  5434 | D:6      | Noticed Edmund
  5437 | D:6      | Identified a scroll of acquirement
  5438 | D:6      | Acquired the ring "Rigid" {MP+9 Int+2}
  5454 | D:6      | Mangled by Edmund
  5454 | D:6      | Lost a life (1 life remaining)
  5528 | D:6      | Reached XP level 8. HP: 13/37 MP: 8/14
  5610 | D:6      | Killed Edmund
  5971 | D:6      | Noticed a walking crystal tome
  5971 | D:6      | Noticed a walking divine tome
  5975 | D:6      | Found Zoyvu's Book Shoppe.
  6638 | D:7      | Slain by a vampire mosquito
  6638 | D:7      | Lost a life (0 lives remaining)
  6640 | D:7      | Noticed a hornet
  6648 | D:7      | Gained mutation: You have a pair of small horns on your
                  | head. [potion of mutation]
  6648 | D:7      | Gained mutation: You passively map a small area around you.
                  | [potion of mutation]
  6648 | D:7      | Gained mutation: You expend magic power (3 MP) to
                  | strengthen your wands. [potion of mutation]
  6648 | D:7      | Gained mutation: You passively map the area around you.
                  | [potion of mutation]
  6651 | D:7      | Slain by a vampire mosquito

Illustrated notes

Levels and vault maps discovered:
D:1:      sevenhm_arrival_forest_fort_small_4, layout_rooms
D:2:      layout_loops_ring, basic_altar, hangedman_decor_push
D:3:      layout_loops_ring, nicolae_vehumet_radiance
D:4:      layout_layer_cave, mainiacjoe_overflow_brackets
D:5:      layout_cave_pods, serial_shops, nicolae_shop_gaudy_bauble,
          serial_column_ruins, column_ruins_pillar_2, column_ruins_pillar_1,
          column_ruins_pillar_1, column_ruins_pillar_1, column_ruins_pillar_1,
          column_ruins_pillar_2, column_ruins_pillar_6, column_ruins_pillar_1,
          column_ruins_pillar_4, column_ruins_pillar_1, column_ruins_pillar_2,
          column_ruins_pillar_1, column_ruins_pillar_1, column_ruins_pillar_1,
          nicolae_take_the_stairs
D:6:      layout_rooms, serial_shops, nicolae_shop_mannequins,
          dreamdust_princess_bridge, nicolae_stop_n_shop_2,
          minmay_misc_feat_nine_boxes, uniq_edmund
D:7:      layout_loops_corners, nicolae_wu_jian_wuxing_cycle,
          minmay_temple_entry_drinking_statues, minmay_stone_trees_small,
          minmay_manual_mail

Skill      XL: |  1  2  3  4  5  6  7  8 |
---------------+-------------------------+-----
Stealth        | 3 4 5 |  5.1
Dodging        | 3 4 5 6 |  6.5
Necromancy     | 5 6 |  6.8
Spellcasting   | 3 4 |  4.5
Evocations     | 2 5 |  5.0
Fighting       | 1 3 |  3.1

Action                     |  1- 3 |  4- 6 |  7- 9 || total
---------------------------+-------+-------+-------++-------
  Melee: Unarmed           |    11 |    36 |   101 ||   148
         Bite              |       |     4 |    15 ||    19
         Punch             |       |     1 |     1 ||     2
         Headbutt          |       |       |     1 ||     1
   Cast: Necrotise         |    65 |    99 |   114 ||   278
         Animate Dead      |       |     4 |     8 ||    12
  Evoke: Wand              |       |       |     8 ||     8
    Use: Scroll            |       |    11 |     5 ||    16
         Potion            |       |     3 |     5 ||     8
   Stab: Sleeping          |     4 |     1 |       ||     5
 Armour: Skin              |     5 |    26 |   120 ||   151
  Dodge: Dodged            |    10 |    44 |   242 ||   296

Table legend: (Time is in decaauts)
 A = Elapsed time spent in this place.
 B = Non-inter-level travel time spent in this place.
 C = Inter-level travel time spent in this place.
 D = Time resting spent in this place.
 E = Time spent auto-exploring this place.
 F = Levels seen in this place.
 G = Mean time per level.
                   A        B        C        D        E       F      G
               +--------+--------+--------+--------+--------+-----+--------+
         Total |   6657 |   6491 |    166 |    802 |   4085 |   7 |  951.0 |
       Dungeon |   6657 |   6491 |    166 |    802 |   4085 |   7 |  951.0 |
               +--------+--------+--------+--------+--------+-----+--------+

Top non-repeatable levels by time:
     D:4: 1634 daAuts
     D:5: 1444 daAuts
     D:3: 983 daAuts
     D:2: 885 daAuts
     D:6: 866 daAuts
     D:1: 470 daAuts
     D:7: 371 daAuts
